 Dungeon Crawl Stone Soup version 0.31-a0-1001-g770356a28f (webtiles) character file.

Game seed: 3838494903973220058

20 Maratek the Trooper (level 2, 0/24 HPs)
             Began as a Demonspawn Fighter on Nov 8, 2023.
             Slain by a gnoll
             ... wielding a +0 spear
              (2 damage)
             ... on level 2 of the Dungeon.
             The game lasted 00:01:03 (1043 turns).

Maratek the Trooper (Demonspawn Fighter)            Turns: 1043, Time: 00:01:03

Health: 0/24       AC:  6    Str: 16    XL:     2   Next: 58%
Magic:  2/2        EV:  8    Int:  9    God:
Gold:   62         SH:  4    Dex: 12    Spells: 1/1 levels left

rFire   . . .        a - +0 war axe
rCold   . . .        c - +0 buckler
rNeg    . . .        b - +0 scale mail
rPois   .            (no helmet)
rElec   .            (no cloak)
rCorr   .            (no gloves)
SInv    .            (no boots)
Will    .....        (no amulet) Stlth
                     (no ring)
HPRegen 0.24/turn    (no ring)
MPRegen 0.08/turn

%: no passive effects
@: no status effects
A: demonic guardian 1
a: no special abilities


You were on level 2 of the Dungeon.
You visited 1 branch of the dungeon, and saw 2 of its levels.

You collected 62 gold pieces.

Inventory:

Hand Weapons
 a - a +0 war axe (weapon)
Missiles
 g - a throwing net
Armour
 b - a +0 scale mail (worn)
 c - a +0 buckler (worn)
Potions
 d - a potion of might
 e - a potion of heal wounds {unknown}
 f - a potion of haste {unknown}
 h - a potion of enlightenment {unknown}


   Skills:
 + Level 3.1 Fighting
 + Level 2.1 Axes
 + Level 3.1 Armour
 + Level 2.8 Shields


You had one spell level left.
You didn't know any spells.
Your spell library was empty.

Dungeon Overview and Level Annotations

Branches:
Dungeon (2/15)

Altars:

Annotations:
D:1 2 runed translucent doors


Innate Abilities, Weirdness & Mutations

A weak demonic guardian rushes to your aid.


Message History

You open the door.
There is an open door here.
Key pressed, stopping explore.
Key pressed, stopping explore.
There is an open door here.
There is a stone staircase leading down here.
The orc wizard shouts!
You hear a shout! x3
The orc wizard shouts!
You hear a shout! x2
The orc shouts!
The orc shouts! x2
No reachable target in view!
Could not explore, unopened runed door.
Could not explore, unopened runed door.
There is a stone staircase leading down here.
You climb downwards.
The gnoll shouts! x3; You hear a shout!
You hear an angry hiss.
Found a transparent hat.
Found a stone staircase leading up.
There is a stone staircase leading up here.
You hit the gnoll but do no damage. You block the gnoll's attack.
The gnoll hits you but does no damage.
You barely miss the gnoll. You completely miss the gnoll.
You block the gnoll's attack. The gnoll hits you with a +0 club.
The gnoll hits you but does no damage.
You slash the gnoll!
The gnoll is severely wounded.
You hit the gnoll but do no damage. You hit the gnoll. You slash the dart slug!
The gnoll hits you from afar with a +0 spear.
You block the gnoll's attack. The gnoll hits you with a +0 club. x2
A kobold comes into view. It is wielding a +0 club.
The gnoll hits you with a +0 club.
The gnoll hits you but does no damage. x2
The gnoll hits you with a +0 whip. The dart slug launches a dart at you.
The slug dart hits you.
* * * LOW HITPOINT WARNING * * *
The gnoll barely misses you. The gnoll hits you but does no damage.
The gnoll hits you with a +0 whip.
* * * LOW HITPOINT WARNING * * *
A demonic guardian appears!
The gnoll hits you from afar with a +0 spear.
You die...

.. #.....## ...
#......##
...####....#...
..... .[.......
...........
#..#....#
#...w...##
#..g@g...#
#.g.g.....#
....K5.......#
.............#
........###..#
......... ....
........# ...
......... ..


You could see 4 gnolls, a dart slug, a kobold and a friendly white imp
(summoned).

Vanquished Creatures
  A ball python (D:1)
  A bat (D:1)
  3 endoplasms (D:1)
  2 giant cockroaches (D:1)
  3 goblins (D:1)
  2 hobgoblins (D:1)
  2 quokkas (D:1)
  A frilled lizard (D:1)
  A kobold (D:1)
16 creatures vanquished.

Notes
Turn   | Place    | Note
-------+----------+-------------------------------------------
     0 | D:1      | Maratek the Demonspawn Fighter began the quest for the Orb.
     0 | D:1      | Reached XP level 1. HP: 18/18 MP: 1/1
   270 | D:1      | Found a large runed translucent door.
   270 | D:1      | Found a large runed translucent door.
   270 | D:1      | Noticed an orc warrior
   272 | D:1      | Noticed an orc wizard
   272 | D:1      | Noticed an orc wizard
   369 | D:1      | Gained mutation: A weak demonic guardian rushes to your
                  | aid. [demonic ancestry]
   369 | D:1      | Reached XP level 2. HP: 24/24 MP: 2/2
  1043 | D:2      | Slain by a gnoll

Illustrated notes

Levels and vault maps discovered:
D:1:      erik_arrival_cave_to_civilisation [erik_arrival_cave_to_temple],
          layout_basic
D:2:      layout_rooms

Skill      XL: |  1  2 |
---------------+-------+-----
Armour         | 3 |  3.1
Axes           | 2 |  2.1
Fighting       | |  3.1
Shields        | |  2.8

Action                     || total
---------------------------++-------
  Melee: War axe           ||    46
 Armour: Scale mail        ||    41
  Dodge: Dodged            ||    22
  Block: Buckler           ||    17

Table legend: (Time is in decaauts)
 A = Elapsed time spent in this place.
 B = Non-inter-level travel time spent in this place.
 C = Inter-level travel time spent in this place.
 D = Time resting spent in this place.
 E = Time spent auto-exploring this place.
 F = Levels seen in this place.
 G = Mean time per level.
                   A        B        C        D        E       F      G
               +--------+--------+--------+--------+--------+-----+--------+
         Total |   1064 |   1001 |     63 |      0 |    875 |   2 |  532.0 |
       Dungeon |   1064 |   1001 |     63 |      0 |    875 |   2 |  532.0 |
               +--------+--------+--------+--------+--------+-----+--------+

Top non-repeatable levels by time:
     D:1: 1058 daAuts
     D:2: 5 daAuts
